 Dungeon Crawl Stone Soup version 0.23.2-1-ga50397a (webtiles) character file.

Game seed: 17370468112077199159

57 Fang the Skirmisher (level 4, -6/29 HPs)
             Began as a Gargoyle Berserker on May 1, 2019.
             Was a Believer of Trog.
             Mangled by Sigmund
             ... wielding a +1 antimagic scythe
              (11 damage)
             ... on level 2 of the Dungeon.
             The game lasted 00:00:58 (937 turns).

Fang the Skirmisher (Gargoyle Berserker)             Turns: 937, Time: 00:00:58

Health: -6/29      AC:  5    Str: 21    XL:     4   Next: 0%
Magic:  0/4        EV: 12    Int:  8    God:    Trog [**....]
Gold:   41         SH:  0    Dex:  9    Spells: 3/3 levels left

rFire    . . .     SeeInvis .   a - +0 hand axe
rCold    . . .     Gourm    .   (no shield)
rNeg     + . .     Faith    .   b - +0 animal skin
rPois    ∞         Spirit   .   (no helmet)
rElec    +         Reflect  .   (no cloak)
rCorr    .         Harm     .   (no gloves)
MR       ++...                  (no boots)
Stlth    +.........             (no amulet)
HPRegen  1.09/turn              (no ring)
MPRegen  0.09/turn              (no ring)

@: regenerating
A: negative energy resistance 1, electricity resistance, unbreathing,
petrification resistance, rot immunity, AC +3
a: Berserk, Trog's Hand, Renounce Religion


You were on level 2 of the Dungeon.
You worshipped Trog.
Trog was pleased with you.
You were hungry.

You visited 1 branch of the dungeon, and saw 2 of its levels.

You collected 41 gold pieces.

Inventory:

Hand Weapons
 a - a +0 hand axe (weapon)
Armour
 b - a +0 animal skin (worn)
Scrolls
 f - a scroll of enchant weapon {unknown}
 h - a scroll of enchant armour {unknown}
 j - a scroll of noise {unknown}
 k - 2 scrolls of teleportation {unknown}
 l - 2 scrolls of remove curse {unknown}
 n - a scroll of identify {unknown}
Potions
 e - a potion of brilliance {unknown}
 g - a potion of curing {unknown}
 i - a potion of berserk rage {unknown}
 m - a potion of ambrosia {unknown}
 o - a potion of agility {unknown}
Comestibles
 c - 4 rations
 d - 5 chunks of flesh


   Skills:
 + Level 3.8 Fighting
 + Level 3.1 Axes
 + Level 2.8 Armour
 + Level 2.2 Dodging


You had 3 spell levels left.
You didn't know any spells.
Your spell library was empty.

Dungeon Overview and Level Annotations

Branches:
Dungeon (2/15)

Altars:

Annotations:
D:2 Sigmund


Innate Abilities, Weirdness & Mutations

You are resistant to torment.
Your stone body is resilient. (AC +3)
You are immune to poison.
You resist negative energy. (rN+)
You are resistant to electric shocks. (rElec)
You can survive without breathing.
You are immune to petrification.
You are immune to rotting.


Message History

Sigmund flickers and vanishes!
Deactivating autopickup; reactivate with Ctrl-A.
Items here: ( ) †† a stone; a +0 dagger; a frilled lizard corpse; a goblin corpse The kobold hits you but does no damage.
Something hits you!
You feel your power leaking away.
You hit the kobold but do no damage. The kobold barely misses you.
The kobold hits you but does no damage. Something hits you.
The kobold closely misses you. Something hits you!
* * * LOW HITPOINT WARNING * * *
The kobold hits you but does no damage. The kobold hits you with a +0 whip.
* * * LOW HITPOINT WARNING * * *
There is a stone staircase leading down here.
Your skin crawls.
You feel resistant to hostile enchantments.
You are feeling hungry.
Something hits you!
You die...

#.# #.......... ##
#.# #..######## #
####.##.# #..#
..#.#.#.#.## #..#
#.........# #..#
##.......####?.#
#........((....#
##.......####.......
#.....@K..# ########
##....{..##
............#
#.#.#.#.#.#....
#...#####..#### ###
##.# .# ..


You could see a kobold.

Vanquished Creatures
  An adder (D:2)
  3 dart slugs (D:1)
  3 bats
  3 giant cockroaches (D:1)
  7 goblins
  4 hobgoblins
  4 jackals (D:1)
  A ball python (D:2)
  6 frilled lizards
  3 kobolds
  5 rats
40 creatures vanquished.

Notes
Turn   | Place    | Note
-------+----------+-------------------------------------------
     0 | D:1      | Fang the Gargoyle Berserker began the quest for the Orb.
     0 | D:1      | Reached XP level 1. HP: 14/14 MP: 1/1
   221 | D:1      | Reached XP level 2. HP: 16/19 MP: 2/2
   466 | D:1      | Reached ** piety under Trog
   466 | D:1      | Reached XP level 3. HP: 23/23 MP: 3/3
   928 | D:2      | Noticed Sigmund
   930 | D:2      | Reached XP level 4. HP: 29/29 MP: 4/4
   937 | D:2      | Mangled by Sigmund

Skill      XL: |  1  2  3 |
---------------+----------+-----
Dodging        | 2 |  2.2
Axes           | 3 |  3.1
Fighting       | |  3.8
Armour         | |  2.8

Action                   |  1- 3 |  4- 6 || total
-------------------------+-------+-------++-------
Melee: Hand axe          |   110 |     1 ||   111
Invok: Trog's Hand       |       |     1 ||     1
 Stab: Sleeping          |     1 |       ||     1
Armor: Animal skin       |    37 |     3 ||    40
Dodge: Dodged            |    78 |     2 ||    80
